 Dungeon Crawl Stone Soup version 0.21.0-24-g2553a33 (webtiles) character file.

381 jernau the Protected (level 6, -4/51 HPs)
             Began as a Hill Orc Fighter on Jan 21, 2018.
             Was a Follower of Beogh.
             Slain by Edmund
             ... wielding a +6 flail of crushing
              (12 damage)
             ... on level 4 of the Dungeon.
             The game lasted 00:14:58 (3623 turns).

jernau the Protected (Hill Orc Fighter)             Turns: 3623, Time: 00:14:58

Health: -4/51      AC:  9    Str: 21    XL:     6   Next: 75%
Magic:  6/6        EV:  7    Int:  8    God:    Beogh [*.....]
Gold:   161        SH: 10    Dex: 10    Spells: 5/5 levels left

rFire    . . .     SeeInvis .   a - +1 flail
rCold    . . .     Gourm    .   c - +1 shield
rNeg     . . .     Faith    .   b - +0 scale mail
rPois    .         Spirit   .   o - +0 helmet
rElec    .         Reflect  .   (no cloak)
rCorr    .         Harm     .   (no gloves)
MR       .....                  (no boots)
Stlth    ..........             (no amulet)
HPRegen  0.17/turn              (no ring)
MPRegen  0.10/turn              (no ring)

@: no status effects
A: no striking features
a: Renounce Religion


You were on level 4 of the Dungeon.
You worshipped Beogh.
Beogh was aware of your devotion.
You were not hungry.

You visited 1 branch of the dungeon, and saw 4 of its levels.

You collected 161 gold pieces.

Inventory:

Hand Weapons
 a - a +1 flail (weapon)
 d - a +3 hand axe of flaming
 m - a +1 mace of distortion
 n - a +0 blowgun
Missiles
 g - 32 stones (quivered)
 j - 11 poisoned needles
Armour
 b - a +0 scale mail (worn)
 c - a +1 shield (worn)
 o - a +0 helmet (worn)
Scrolls
 e - a scroll of identify
Potions
 h - a potion of agility
 i - a potion of cancellation
 k - 2 potions of curing
 p - 2 potions of ambrosia
 r - a potion of heal wounds
Comestibles
 f - 8 rations
 q - 3 chunks of flesh


   Skills:
 - Level 3.6 Fighting
 - Level 2.1 Maces & Flails
 + Level 8.1 Armour
 - Level 3.2 Shields


You had 5 spell levels left.
You didn't know any spells.

Dungeon Overview and Level Annotations

Branches:
Dungeon (4/15)
 Temple: D:4-7

Altars:
Ashenzari
Makhleb

Annotations:
D:4 Edmund


Message History

The orc priest is almost dead.
The orc barely misses you.
The orc priest calls down the wrath of Beogh upon you.
Pain shoots through your body!
You closely miss the orc priest.
The orc priest is almost dead.
The orc hits you but does no damage. You block the orc priest's attack.
Okay, then.
As you read the scroll labeled EDIXEERROVA, it crumbles to dust.
It is a scroll of enchant weapon.
Your +0 flail glows red for a moment.
You block the orc's attack.
The orc priest invokes the aid of Beogh against you.
Pain shoots through your body!
* * * LOW HITPOINT WARNING * * *
Edmund hits you with a flail of crushing.
* * * LOW HITPOINT WARNING * * *
x2 An orc priest comes into view.
The orc priest closely misses you.
Edmund hits you with a flail of crushing!
You die...

.............. ...
............#
...###...........#
.................#### (
#..............o....#o?..
#..... #.........#
.....## ###)o###......
......## ####Soo# .....
.......# #..##@@#.......
...##..#####.............
..####...................
..# #...................
.## #..#..##....#......
.## #..#.......###..##.
..## #..#.#...#..# ...#
...###..###............
....#....#......##. ..


You could see Edmund, 2 orc priests, an adder and 2 orcs.

Vanquished Creatures
  A hound (D:4)
  2 orc priests
  A bullfrog skeleton (D:3)
  2 worker ants
  3 orc wizards
  6 adders
  An ooze (D:1)
  2 worms
  A leopard gecko (D:1)
  15 orcs
  6 bats
  4 giant cockroaches
  2 goblins (D:1)
  3 hobgoblins
  4 jackals
  A quokka (D:2)
  A frilled lizard (D:4)
  8 kobolds
  4 rats
67 creatures vanquished.

Vanquished Creatures (others)
  A rat (D:3)
1 creature vanquished.

Grand Total: 68 creatures vanquished

Notes
Turn   | Place    | Note
-------+----------+-------------------------------------------
     0 | D:1      | jernau the Hill Orc Fighter began the quest for the Orb.
     0 | D:1      | Reached XP level 1. HP: 19/19 MP: 1/1
   244 | D:1      | Reached XP level 2. HP: 26/26 MP: 2/2
   249 | D:1      | Reached skill level 4 in Armour
   667 | D:1      | Reached XP level 3. HP: 31/31 MP: 3/3
  1205 | D:2      | Reached skill level 5 in Armour
  1205 | D:2      | Reached XP level 4. HP: 37/39 MP: 4/4
  1513 | D:2      | Found a shattered altar of Ashenzari.
  1903 | D:3      | Became a worshipper of Beogh the Brigand
  1914 | D:3      | Reached skill level 6 in Armour
  1914 | D:3      | Reached XP level 5. HP: 12/45 MP: 5/5
  2257 | D:3      | Reached skill level 7 in Armour
  2307 | D:3      | Reached XP level 6. HP: 23/51 MP: 6/6
  2660 | D:3      | Found a burning altar of Makhleb.
  3017 | D:4      | Noticed Edmund
  3399 | D:4      | Reached skill level 8 in Armour
  3461 | D:4      | Reached * piety under Beogh
  3623 | D:4      | Slain by Edmund

Skill      XL: |  1  2  3  4  5  6 |
---------------+-------------------+-----
Armour         | 4 5 6 7 8 |  8.1
Fighting       | |  3.6
Maces & Flails | |  2.1
Shields        | |  3.2

Action                   |  1- 3 |  4- 6 || total
-------------------------+-------+-------++-------
Melee: Flail             |   105 |   203 ||   308
Throw: Stone             |     4 |     6 ||    10
Invok: Convert to Beogh  |       |     1 ||     1
  Use: Scroll            |     5 |     8 ||    13
       Potion            |     4 |     2 ||     6
  Eat: Chunk             |     1 |     5 ||     6
       Ration            |       |     1 ||     1
Armor: Scale mail        |    46 |    82 ||   128
Dodge: Dodged            |    37 |    57 ||    94
Block: Shield            |    62 |   108 ||   170
